 Dungeon Crawl Stone Soup version 0.26.0-10-g1f06aea511 (webtiles) character file.

Game seed: 8054488412694849503

60 Dracia the Ducker (level 3, -1/27 HPs)
             Began as a Demonspawn Gladiator on Jan 21, 2021.
             Slain by an adder (2 damage)
             ... on level 2 of the Dungeon.
             The game lasted 00:02:23 (2190 turns).

Dracia the Ducker (Demonspawn Gladiator)            Turns: 2190, Time: 00:02:23

Health: -1/27      AC:  4    Str: 15    XL:     3   Next: 80%
Magic:  3/3        EV: 13    Int:  9    God:
Gold:   121        SH:  0    Dex: 14    Spells: 2/2 levels left

rFire    . . .     SeeInvis .   a - +0 quarterstaff
rCold    . . .     Faith    .   (shield currently unavailable)
rNeg     . . .     Spirit   .   b - +0 leather armour
rPois    .         Reflect  .   c - +0 helmet
rElec    .         Harm     .   (no cloak)
rCorr    .         Rampage  .   (no gloves)
Will     .....                  (no boots)
Stlth    +.........             (no amulet)
HPRegen  0.09/turn              (no ring)
MPRegen  0.08/turn              (no ring)

@: lethally poisoned (-1 -> -9), very slightly contaminated, invisible
A: hooves 2
a: no special abilities


You were on level 2 of the Dungeon.
You visited 1 branch of the dungeon, and saw 2 of its levels.

You collected 121 gold pieces.


Innate Abilities, Weirdness & Mutations

You have hoof-like feet.


   Skills:
 - Level 2.0 Fighting
 - Level 2.6 Staves
 - Level 1.7 Throwing
 + Level 2.1 Armour
 + Level 3.6 Dodging


You had 2 spell levels left.
You didn't know any spells.
Your spell library was empty.

Inventory:

Hand Weapons
 a - a +0 quarterstaff (weapon)
Missiles
 d - 4 throwing nets (quivered) {=f=f}
 k - 15 poisoned darts
Armour
 b - a +0 leather armour (worn)
 c - a +0 helmet (worn)
Jewellery
 n - an uncursed amulet of magic regeneration {unknown}
 o - a +6 ring of strength {unknown}
Scrolls
 e - a scroll of fog {unknown}
 f - 3 scrolls of teleportation {unknown}
 g - a scroll of remove curse {unknown}
 h - a scroll of identify {unknown}
 i - a scroll of immolation {unknown}
 j - a scroll of amnesia {unknown}
 l - a scroll of blinking {unknown}
Potions
 m - a potion of invisibility

Dungeon Overview and Level Annotations

Branches:
Dungeon (2/15)

Altars:
Ashenzari
Okawaru
Sif Muna
Wu Jian
The Shining One

..#.#..#
..#.#..#
#..#
..#.#..#
#..#
.##.#..#
#..#
.##.##.#
#?.#
.#...#.#
#..#
.#....>#
#..#
.....###
####..#
..#..#
#..S@.#
.....#
#.###.#
..#..#
#.#
.....#
#.#
....##
#.#
#.#######
#.#
.........
#.#
#.#######
#.# #.#
#.#


You could see an adder.


Message History

It was a potion of magic.
Magic courses through your body.
* * * LOW HITPOINT WARNING * * *
You feel sick. The adder misses you. The adder closely misses you.
You completely miss the adder.
The adder is moderately wounded.
The adder closely misses you.
Unknown command.
You barely miss the adder.
The adder is moderately wounded.
* * * LOW HITPOINT WARNING * * *
You feel sick. The adder barely misses you. The adder completely misses you.
You closely miss the adder. You kick the adder.
The adder is heavily wounded.
* * * LOW HITPOINT WARNING * * *
You feel sick. The adder barely misses you.
You miss the adder. You kick the adder.
The adder is severely wounded.
The adder barely misses you. The adder bites you but does no damage.
You hit the adder but do no damage.
The adder is severely wounded.
* * * LOW HITPOINT WARNING * * *
You feel sick. The adder bites you.
* * * LOW HITPOINT WARNING * * *
You are more poisoned.
The adder poisons you!
You miss the adder. You kick the adder, but do no damage.
The adder is severely wounded.
* * * LOW HITPOINT WARNING * * *
You feel sick. The adder bites you.
You die...

Skill      XL: |  1  2  3 |
---------------+----------+-----
Dodging        | 3 |  3.6
Armour         | 1 2 |  2.1
Fighting       | |  2.0
Staves         | |  2.6
Throwing       | |  1.7

Action                   || total
-------------------------++-------
Melee: Quarterstaff      ||   115
       Kick              ||    15
  Use: Potion            ||     2
Armor: Leather armour    ||    31
Dodge: Dodged            ||   101

Levels and vault maps discovered:
D:1:      dpeg_arrival_radiant, layout_loops_ring
D:2:      layout_basic, grunt_temple_overflow_open, serial_curves,
          eino_curves_02, eino_curves_03, eino_curves_02, okawaru_trees_1

Notes
Turn   | Place    | Note
-------+----------+-------------------------------------------
     0 | D:1      | Dracia the Demonspawn Gladiator began the quest for the
                  | Orb.
     0 | D:1      | Reached XP level 1. HP: 16/16 MP: 1/1
   247 | D:1      | Reached skill level 3 in Dodging
   385 | D:1      | Reached skill level 1 in Armour
   385 | D:1      | Gained mutation: You have large cloven feet. [demonic
                  | ancestry]
   385 | D:1      | Reached XP level 2. HP: 21/22 MP: 2/2
   874 | D:1      | Gained mutation: You have hoof-like feet. [demonic
                  | ancestry]
   874 | D:1      | Reached XP level 3. HP: 27/27 MP: 3/3
  1171 | D:2      | Found a glowing golden altar of the Shining One.
  1176 | D:2      | Found a shimmering blue altar of Sif Muna.
  1177 | D:2      | Found a broken altar of Ashenzari.
  1178 | D:2      | Found an ornate altar of the Wu Jian Council.
  1487 | D:2      | Reached skill level 2 in Armour
  1743 | D:2      | Found an iron altar of Okawaru.
  2189 | D:2      | HP: 2/27 [adder (2)]
  2190 | D:2      | Slain by an adder

Vanquished Creatures
  An adder (D:2)
  2 dart slugs (D:2)
  3 leopard geckos (D:1)
  2 giant cockroaches (D:1)
  6 goblins
  8 hobgoblins
  A ball python (D:1)
  8 bats
  A frilled lizard (D:1)
  3 kobolds (D:1)
  4 rats
39 creatures vanquished.

Table legend: (Time is in decaauts)
 A = Elapsed time spent in this place.
 B = Non-inter-level travel time spent in this place.
 C = Inter-level travel time spent in this place.
 D = Time resting spent in this place.
 E = Time spent auto-exploring this place.
 F = Levels seen in this place.
 G = Mean time per level.
                   A        B        C        D        E       F      G
               +--------+--------+--------+--------+--------+-----+--------+
         Total |   2209 |   2174 |     35 |    190 |   1736 |   2 | 1104.5 |
       Dungeon |   2209 |   2174 |     35 |    190 |   1736 |   2 | 1104.5 |
               +--------+--------+--------+--------+--------+-----+--------+

Top non-repeatable levels by time:
     D:1: 1166 daAuts
     D:2: 1043 daAuts

Table legend:
 A = Non-vault XP
 B = Vault XP
 C = Vault XP percentage of total XP
 D = Non-vault monster count
 E = Vault monster count
 F = Vault count percentage of total count
                 A         B        C        D         E       F
            +---------+---------+-------+---------+---------+-------
      Total |      86 |       0 |   0.0 |      39 |       0 |   0.0
            +---------+---------+-------+---------+---------+-------
        D:1 |      49 |       0 |   0.0 |      27 |       0 |   0.0
        D:2 |      37 |       0 |   0.0 |      12 |       0 |   0.0
            +---------+---------+-------+---------+---------+-------
